 Dungeon Crawl Stone Soup version 0.31.0-11-ge490571c62 (webtiles) character file.

Game seed: 12704032101900614759

7329 hawla the Thaumaturge (level 10, -3/81 HPs)
             Began as a Red Draconian Shapeshifter on Feb 9, 2024.
             Was a Priest of Vehumet.
             Slain by an orc warrior
             ... wielding a +0 glaive
              (15 damage)
             ... in a bailey.
             The game lasted 00:25:52 (8114 turns).

hawla the Thaumaturge (Red Draconian Shapeshifter)  Turns: 8114, Time: 00:25:53

Health: -3/81      AC: 13    Str: 17    XL:     10   Next: 90%
Magic:  31/31      EV: 18    Int: 14    God:    Vehumet [***...]
Gold:   341        SH:  0    Dex: 11    Spells: 20/25 levels left

rFire   + . .        e - melded +3 dagger (distort)
rCold   + . .        (shield currently unavailable)
rNeg    . . .        (body armour unavailable)
rPois   .            (helmet restricted)
rElec   .            (no cloak)
rCorr   .            E - +2 pair of gloves
SInv    .            K - +2 pair of boots
Will    .....        j - amulet of regeneration
Stlth   +            f - ring of magical power
HPRegen 1.13/turn    g - ring of protection from cold
MPRegen 0.22/turn

%: no passive effects
@: flux-form, glowing
A: glow, contaminating, breathe fire, AC +7, unfitting armour, fire resistance
1, cold-blooded
a: Breathe Fire, Begin Untransformation, Renounce Religion


You were in a bailey.
You worshipped Vehumet.
Vehumet was most pleased with you.
You were something dangerously unstable.
You visited 2 branches of the dungeon, and saw 11 of its levels.
You also visited: Bailey.

You collected 1521 gold pieces.
You spent 1180 gold pieces at shops.

Inventory:

Hand Weapons
 e - a +3 dagger of distortion (melded)
Armour
 E - a +2 pair of gloves (worn)
 K - a +2 pair of boots (worn)
Jewellery
 f - a ring of magical power (left hand)
 g - a ring of protection from cold (right hand)
 j - an amulet of regeneration (around neck)
 x - a ring of willpower
 A - a ring of protection from cold
 F - a +6 ring of strength
Talismans
 b - a beast talisman
 c - a flux talisman (active)
Wands
 n - a wand of mindburst (22)
 q - a wand of paralysis (4)
 u - a wand of acid (8)
Scrolls
 i - a scroll of vulnerability
 k - 5 scrolls of teleportation
 l - 3 scrolls of summoning
 o - 2 scrolls of revelation
 s - 3 scrolls of fog
 C - a scroll of fear
 D - a scroll of blinking
 G - a scroll of poison
 I - a scroll of amnesia
 J - a scroll of silence
Potions
 a - 2 potions of heal wounds
 d - a potion of brilliance {unknown}
 h - 2 potions of attraction
 m - 8 potions of haste
 p - 2 potions of might
 r - 3 potions of invisibility
 t - 2 potions of enlightenment
 v - a potion of berserk rage
 w - 3 potions of mutation {unknown}
 z - a potion of degeneration {unknown}
 H - a potion of ambrosia {unknown}


   Skills:
 - Level 5.0 Fighting
 - Level 5.0 Short Blades
 - Level 7.0 Dodging
 - Level 3.0 Stealth
 - Level 3.0 Unarmed Combat
 - Level 8.0 Spellcasting
 + Level 3.1 Conjurations
 - Level 3.0 Necromancy
 + Level 3.1 Fire Magic
 - Level 4.0 Evocations
 - Level 7.0 Shapeshifting


You had 20 spell levels left.
You knew the following spells:

 Your Spells              Type           Power      Damage    Failure   Level
a - Foxfire               Conj/Fire      56%        2x1d6     1%          1
b - Dispel Undead         Necr           14%        3d10      36%         4

Your spell library contained the following spells:

 Spells                   Type           Power      Damage    Failure   Level
 Dazzling Flash           Conj/Hex       18%        N/A       5%          3
 Kiss of Death            Conj/Necr      56%        2d9       1%          1
 Sting                    Conj/Alch      36%        1d5       1%          1
 Mercury Vapours          Alch/Air       10%        N/A       5%          2
 Olgreb's Toxic Radiance  Alch           5%         N/A       30%         4
 Confusing Touch          Hex            5%         N/A       36%         3
 Summon Blazeheart Golem  Fire/Summ      10%        N/A       54%         4
 Starburst                Conj/Fire      7%         6d4       77%         6
 Plasma Beam              Fire/Air       5%         2x1d15    91%         6
 Orb of Destruction       Conj           7%         9d6       99%         7
 Ozocubu's Refrigeration  Ice            2%         4d8       100%        7
 Spellforged Servitor     Conj/Summ      4%         N/A       100%        7
 Discord                  Hex            2%         N/A       100%        8


Dungeon Overview and Level Annotations

Branches:
Dungeon (10/15)            Temple (1/1) D:5            Lair (0/5) D:9
 Bailey (1/1)
    Orc: D:9-12

Altars:
Ashenzari
Cheibriados
Dithmenos
Elyvilon
Fedhas
Gozag
Hepliaklqana
Kikubaaqudgha
Makhleb
Nemelex Xobeh
Okawaru
Ru
Sif Muna
Trog
Uskayaw
Vehumet
Wu Jian
Xom
Zin
Lugonu

Shops:
D:4 *   D:5 ?   D:8 :

Portals:
Abyss: D:3

Annotations:
D:5 1 runed translucent door, TheBioAlchemist's ghost, novice FoFi
Abyss:1 Grinder


Innate Abilities, Weirdness & Mutations

You are something dangerously unstable.
You glow with magical radiation, making you easy to see and hit.
Foes you strike become dangerously contaminated with magical radiation.
You are incapable of wielding weapons or throwing items.
You can breathe blasts of fire.
Your fiery red scales are hard. (AC +7)
You cannot fit into any form of body armour.
Your flesh is heat resistant. (rF+)
You are cold-blooded and may be slowed by cold attacks.


Message History

The orc knight begins to glow.
You tail-slap the orc knight, but do no damage.
The orc knight is lightly wounded.
The orc warrior completely misses you. The orc hits you with a +0 hand axe.
The orc misses you. The orc warrior misses you. The orc knight misses you.
You barely miss the orc knight.
The orc knight is lightly wounded.
The orc warrior misses you. The orc hits you with a +0 hand axe!
The orc barely misses you. The orc warrior misses you.
The orc knight barely misses you.
Unknown command.
You hit the orc knight but do no damage.
The orc knight glows dangerously bright.
Your tail-slap misses the orc knight.
The orc knight is lightly wounded.
The orc warrior hits you from afar with a +0 trident!
The orc hits you but does no damage. The orc warrior barely misses you.
You hit the orc knight but do no damage.
The orc knight shudders as magic cascades through it!
The orc knight twists and deforms.
You tail-slap the orc knight.
The orc knight is moderately wounded.
The orc hits you with a +0 hand axe. The orc warrior completely misses you.
The orc warrior hits you from afar with a +0 glaive!!
You hit the orc knight.
The orc knight begins to glow.
The orc knight is moderately wounded.
The orc knight completely misses you.
The orc warrior hits you but does no damage.
The orc warrior misses you.
You hit the orc knight.
The orc knight glows dangerously bright.
You tail-slap the orc knight.
The orc knight is moderately wounded.
The orc warrior barely misses you. The orc warrior completely misses you.
The orc hits you with a +0 hand axe.
The orc warrior hits you from afar with a +0 glaive!!
* * * LOW HITPOINT WARNING * * *
The orc knight hits you with a +0 glaive.
* * * LOW HITPOINT WARNING * * *
The orc warrior hits you with a +0 glaive!
You die...

#. ...#
#'''''#
##. ...##
#.......#
#oo.....#
#oo.oo..#
#.o#o#..#
#..po...#
##.....##
##'''##
#.....#
#.....#
#.....#
#.....#
#.....#
##'''##


You could see an orc knight (heavy contam, misshapen), 4 orc warriors and 4
orcs.

Vanquished Creatures
  2 komodo dragons (D:9)
  A troll (D:7)
  A hornet (D:9)
  Prince Ribbit (D:5)
  A wraith (D:9)
  9 yaks
  A shadow (D:9)
  3 steam dragons
  4 water moccasins
  2 acid dragons
  A sky beast (D:6)
  3 ice beasts (D:7)
  3 black bears
  5 orc warriors
  2 ogres (D:6)
  5 centaurs
  A phantom (D:7)
  2 kobold brigands (D:9)
  7 bullfrogs
  3 scorpions
  2 bombardier beetles
  3 hounds (D:5)
  4 orc priests
  3 iguanas
  5 orc wizards
  4 sleepcaps
  3 hound skeletons (D:4)
  8 adders
  A white imp (D:8)
  2 adder zombies (D:4)
  2 ribbon worms (D:2)
  4 dart slugs
  67 orcs
  8 bats
  6 endoplasms
  3 giant cockroaches
  8 goblins
  9 hobgoblins
  3 jackals (D:4)
  19 kobolds
  6 quokkas
  5 ball pythons
  4 frilled lizards
  5 rats
241 creatures vanquished.

Vanquished Creatures (others)
  2 bullfrogs (D:9)
  An orc (D:8)
  10 foxfires
  2 lurking horrors (D:3)
15 creatures vanquished.

Grand Total: 256 creatures vanquished

Notes
Turn   | Place    | Note
-------+----------+-------------------------------------------
     0 | D:1      | hawla the Draconian Shapeshifter began the quest for the
                  | Orb.
     0 | D:1      | Reached XP level 1. HP: 16/16 MP: 1/1
   255 | D:1      | Reached skill level 1 in Stealth
   266 | D:1      | Reached XP level 2. HP: 23/23 MP: 2/2
  1099 | D:2      | Reached XP level 3. HP: 26/28 MP: 3/3
  1402 | D:2      | Reached XP level 4. HP: 20/35 MP: 4/4
  1861 | D:3      | Found a corrupted altar of Lugonu.
  1886 | D:3      | Found an ornate altar of the Wu Jian Council.
  1927 | D:3      | HP: 1/54 [orc/+2 dagger of distortion (14)]
  2015 | D:3      | Found a one-way gate to the infinite horrors of the Abyss.
  2437 | D:4      | Reached XP level 5. HP: 42/45 MP: 5/5
  2552 | D:4      | You fall into a shaft and drop 3 floors!
  2563 | D:7      | Noticed a centaur
  2608 | D:6      | Noticed a sky beast
  2614 | D:6      | Killed a sky beast
  2615 | D:6      | Reached skill level 5 in Fighting
  2615 | D:6      | Reached skill level 1 in Evocations
  2615 | D:6      | Reached XP level 6. HP: 33/56 MP: 6/6
  2824 | D:6      | Your scales start taking on a fiery red colour.
  2824 | D:6      | Reached XP level 7. HP: 60/61 MP: 7/7
  2824 | D:6      | Gained mutation: Your flesh is heat resistant. (rF+) [Red
                  | Draconian growth]
  3096 | D:6      | Reached skill level 5 in Shapeshifting
  3108 | D:5      | Entered Level 5 of the Dungeon
  3111 | D:5      | Found a staircase to the Ecumenical Temple.
  3113 | D:5      | Noticed Prince Ribbit
  3116 | D:5      | Noticed Grinder
  3125 | D:5      | Banished Grinder
  3126 | D:5      | Reached XP level 8. HP: 46/68 MP: 8/8
  3135 | D:5      | Killed Prince Ribbit
  3151 | D:5      | Reached skill level 1 in Spellcasting
  3218 | D:5      | Found Boywuth's Magic Scroll Emporium.
  3249 | D:5      | Bought a scroll of identify for 22 gold pieces
  3249 | D:5      | Bought a scroll of fog for 44 gold pieces
  3249 | D:5      | Bought a scroll of fear for 44 gold pieces
  3249 | D:5      | Bought a scroll of blinking for 82 gold pieces
  3291 | D:5      | Reached skill level 2 in Spellcasting
  3293 | D:5      | Reached skill level 3 in Spellcasting
  3339 | D:5      | Found a runed translucent door.
  3339 | D:5      | Noticed TheBioAlchemist's ghost (novice FoFi)
  3684 | D:4      | Identified a scroll of acquirement
  3685 | D:4      | Acquired 914 gold pieces
  3813 | D:4      | Found Jallaato's Mayhem Merchandise.
  3831 | D:4      | Bought the Unrestrained Analects for 572 gold pieces
  4021 | D:4      | Bought a book of Fire for 416 gold pieces
  4115 | D:4      | Reached skill level 4 in Spellcasting
  4201 | Temple   | Entered the Ecumenical Temple
  4215 | Temple   | Became a worshipper of Vehumet
  4233 | D:5      | Learned a level 1 spell: Foxfire
  4688 | D:7      | Reached skill level 5 in Spellcasting
  4688 | D:7      | Reached XP level 9. HP: 74/74 MP: 16/16
  4834 | D:7      | Found an opulent altar of Gozag.
  4843 | D:7      | Found a blossoming altar of Fedhas.
  4881 | D:7      | Noticed a troll
  4892 | D:7      | Killed a troll
  4893 | D:7      | Reached skill level 6 in Spellcasting
  5123 | D:7      | Reached skill level 7 in Spellcasting
  5803 | D:8      | Reached * piety under Vehumet
  5803 | D:8      | Offered knowledge of Shock by Vehumet.
  5862 | D:8      | Found Dekholitu's Self-Improvement Boutique.
  5951 | D:8      | Reached skill level 8 in Spellcasting
  5971 | D:8      | Reached skill level 1 in Conjurations
  5971 | D:8      | Reached skill level 1 in Fire Magic
  6108 | D:8      | Learned a level 4 spell: Dispel Undead
  6273 | D:8      | Found a sacrificial altar of Ru.
  6518 | D:8      | Reached skill level 1 in Necromancy
  6850 | D:9      | Reached XP level 10. HP: 57/81 MP: 22/22
  6885 | D:8      | Reached ** piety under Vehumet
  6888 | D:8      | Offered knowledge of Static Discharge by Vehumet.
  7093 | D:9      | Reached skill level 5 in Dodging
  7201 | D:9      | Found a staircase to the Lair.
  7553 | D:9      | Offered knowledge of Hailstorm by Vehumet.
  7554 | D:9      | Reached skill level 1 in Short Blades
  7675 | D:9      | Found a shimmering altar of Xom.
  7709 | D:9      | Found a broken altar of Ashenzari.
  7720 | D:9      | Found a snail-covered altar of Cheibriados.
  7731 | D:9      | Found a shimmering blue altar of Sif Muna.
  7833 | D:10     | Entered Level 10 of the Dungeon
  7834 | D:10     | Found a white marble altar of Elyvilon.
  7921 | D:10     | Found a flagged portal.
  7936 | D:10     | Reached skill level 5 in Short Blades
  7945 | Bailey   | Entered a bailey
  7998 | Bailey   | Reached *** piety under Vehumet
  8070 | Bailey   | Offered knowledge of Dazzling Flash by Vehumet.
  8100 | Bailey   | Noticed an orc knight
  8114 | Bailey   | Slain by an orc warrior

Illustrated notes

Levels and vault maps discovered:
D:1:      dpeg_arrival_renting, layout_basic, minmay_crystal_room,
          minmay_hedge_maze
D:2:      layout_rooms
D:3:      layout_rooms, old_standard_altar, amcnicky_altar_lugonu_corruption
D:4:      layout_basic, mainiacjoe_ossuary_entry_find_the_door, st_stairs_9,
          minmay_shop_mayhem
D:5:      layout_gridville, minmay_temple_entry_statues_fountains, serial_shops,
          shop, hellmonk_ghost_happy_afterlife, uniq_grinder,
          uniq_prince_ribbit1
D:6:      kb_forest_paths, layout_loops_ring, hangedman_decor_slide_cut
D:7:      layout_basic, mainiacjoe_overflow_swirl
D:8:      layout_loops_ring, kennysheep_mini_moat, special_room
          [special_room_orc], grunt_ministairs_6, nicolae_shop_self_help
D:9:      layout_stronghold, nicolae_overflow_quartered_altars,
          due_lair_maze_entry_diamond
D:10:     layout_basic, grunt_temple_overflow_holy_war,
          mainiacjoe_overflow_big_doors, enter_bailey_3, nicolae_fort_ynox
Temple:   chequers_temple_sunken
Bailey:   bailey_polearm_5, bailey

Skill      XL: |  1  2  3  4  5  6  7  8  9 10 |
---------------+-------------------------------+-----
Dodging        | 2 3 7 |  7.0
Stealth        | 1 2 3 |  3.0
Fighting       | 3 5 |  5.0
Evocations     | 1 4 |  4.0
Shapeshifting  | 6 7 |  7.0
Spellcasting   | 5 8 |  8.0
Conjurations   | 3 |  3.1
Fire Magic     | 3 |  3.1
Necromancy     | 3 |  3.0
Short Blades   | 5 |  5.0
Unarmed Combat | |  3.0

Action                     |  1- 3 |  4- 6 |  7- 9 | 10-12 || total
---------------------------+-------+-------+-------+-------++-------
  Melee: Unarmed           |   119 |    67 |   325 |   259 ||   770
         Tailslap          |     9 |    19 |    69 |    57 ||   154
         Punch             |     2 |     2 |     1 |       ||     5
         Dagger            |       |    91 |    79 |    14 ||   184
   Cast: Foxfire           |       |       |     2 |     3 ||     5
  Evoke: Wand              |       |       |     3 |     8 ||    11
    Use: Scroll            |     3 |     1 |    18 |     2 ||    24
         Potion            |       |     2 |       |     3 ||     5
   Stab: Sleeping          |     3 |     3 |     8 |       ||    14
         Paralysed         |       |       |     2 |     3 ||     5
 Armour: Skin              |    55 |    97 |   257 |   234 ||   643
  Dodge: Dodged            |    54 |   139 |   338 |   445 ||   976
   Form: Flux              |       |       |     1 |       ||     1
